 Dungeon Crawl Stone Soup version 0.19.1 (webtiles) character file.

63 Menchi the Charmwright (level 4, -3/34 HPs)
             Began as a Formicid Skald on Dec 17, 2016.
             Was an Initiate of the Shining One.
             Slain by a centaur (9 damage)
             ... on level 4 of the Dungeon.
             The game lasted 00:06:50 (2190 turns).

Menchi the Charmwright (Formicid Skald)             Turns: 2190, Time: 00:06:51

Health: -3/34      AC:  4    Str: 17    XL:     4   Next: 30%
Magic:  4/7        EV: 11    Int: 11    God:    the Shining One [......]
Gold:   201        SH:  0    Dex: 11    Spells: 2 memorised, 4 levels left

rFire  . . .     SeeInvis +     a - +0 falchion
rCold  . . .     Gourm    .     b - +1 leather armour
rNeg   . . .     Faith    .     (no shield)
rPois  .         Spirit   .     (helmet unavailable)
rElec  .         Reflect  .     (no cloak)
rCorr  .         Harm     .     (no gloves)
MR     .....                    (no boots)
Stlth  +.........               (no amulet)
                                (no ring)
                                (no ring)

@: glowing
A: permanent stasis, dig shafts and tunnels, four strong arms, antennae 3
a: Dig, Shaft Self, Renounce Religion


You were on level 4 of the Dungeon.
You worshipped the Shining One.
The Shining One was noncommittal.
You were very hungry.

You visited 1 branch of the dungeon, and saw 5 of its levels.

You collected 201 gold pieces.

Inventory:

Hand Weapons
 a - a +0 falchion (weapon)
Armour
 b - a +1 leather armour (worn)
Wands
 r - a wand of lightning (3/15)
Scrolls
 h - a scroll of blinking {unknown}
 i - 3 scrolls of identify {unknown}
 l - a scroll of random uselessness {unknown}
 o - a scroll of magic mapping {unknown}
 p - a scroll of enchant weapon {unknown}
 q - a scroll of fog {unknown}
 s - a scroll of remove curse {unknown}
Potions
 e - a potion of magic
 f - a potion of invisibility {unknown}
 g - a potion of brilliance {unknown}
 j - a potion of cure mutation {unknown}
 k - a potion of might {unknown}
 m - a potion of curing {unknown}
Books
 c - a book of Battle

   Spells                             Type                      Level
   a - Infusion                       Charms                       1
   b - Shroud of Golubria             Charms/Translocation         2
   c - Song of Slaying                Charms                       2
   d - Spectral Weapon                Hexes/Charms                 3
   e - Regeneration                   Charms/Necromancy            3
Comestibles
 d - 2 bread rations
 n - a meat ration


   Skills:
 + Level 2.3 Fighting
 * Level 2.8 Long Blades
 * Level 1.7 Armour
 + Level 1.3 Dodging
 + Level 2.5 Spellcasting
 + Level 0.2 Hexes
 + Level 3.5 Charms


You had 4 spell levels left.
You knew the following spells:

 Your Spells              Type           Power        Failure   Level  Hunger
a - Infusion              Chrm           #...         10%         1    ##.....
b - Spectral Weapon       Hex/Chrm       #.......     45%         3    ####...


Dungeon Overview and Level Annotations

Branches:
Dungeon (5/15)
 Temple: D:4-7

Altars:
Qazlal
The Shining One


Innate Abilities, Weirdness & Mutations

You are under a permanent stasis effect.
You can dig through walls and to a lower floor.
Your four strong arms can wield two-handed weapons with a shield.
You have a pair of large antennae on your head. (SInv)


Message History

An adder skeleton comes into view.
The centaur shoots an arrow.
The arrow barely misses you.
You see here an arrow.
The centaur shoots an arrow.
The arrow barely misses you.
An ice beast comes into view.
The centaur unwields an uncursed shortbow.
The centaur hits you.
There is a stone staircase leading up here.
The centaur hits you.
The adder skeleton bites you but does no damage.
The centaur hits you!
* * * LOW HITPOINT WARNING * * *
You climb upwards.
You hear the hiss of flowing sand.
There is an entrance to an ossuary on this level.
Hurry and find it before the portal is buried!
There is a stone staircase leading down here.
Casting: Spectral Weapon
Confirm with . or Enter, or press ? or * to list all spells.
You draw out your weapon's spirit!
The centaur hits you!
You die...

## ### #.
... # ##.
..
....###.#.#
.......@c.#
###.###(###
.#. #. ..
#. ### #.
#. #.


You could see a centaur and a friendly spectral falchion.

Vanquished Creatures
  A worker ant (D:5)
  An adder (D:2)
  A worm (D:2)
  A giant cockroach (D:2)
  5 goblins
  5 hobgoblins
  6 bats
  3 frilled lizards (D:1)
  4 kobolds
  3 rats
30 creatures vanquished.

Notes
Turn   | Place    | Note
-------+----------+-------------------------------------------
     0 | D:1      | Menchi the Formicid Skald began the quest for the Orb.
     0 | D:1      | Reached XP level 1. HP: 16/16 MP: 3/3
   159 | D:1      | Reached XP level 2. HP: 22/22 MP: 5/5
   462 | D:1      | Reached skill level 1 in Dodging
   940 | D:2      | Reached XP level 3. HP: 13/28 MP: 0/6
  1187 | D:2      | Learned a level 3 spell: Spectral Weapon
  1243 | D:2      | Found a glowing golden altar of the Shining One.
  1246 | D:2      | Became a worshipper of the Shining One
  1629 | D:2      | Found a stormy altar of Qazlal.
  2032 | D:3      | You fall through a shaft for 2 floors!
  2032 | D:5      | Entered Level 5 of the Dungeon
  2108 | D:5      | Reached XP level 4. HP: 34/34 MP: 0/7
  2179 | D:5      | Noticed a centaur
  2186 | D:5      | Noticed an ice beast
  2190 | D:4      | Slain by a centaur

Skill      XL: |  1  2 |
---------------+-------+-----
Dodging        | 1 |  1.3
Fighting       | |  2.3
Long Blades    | |  2.8
Armour         | |  1.7
Spellcasting   | |  2.5
Hexes          | |  0.2
Charms         | |  3.5

Action                   |  1- 3 |  4- 6 || total
-------------------------+-------+-------++-------
Melee: Falchion          |   108 |       ||   108
 Cast: Infusion          |     1 |       ||     1
       Spectral Weapon   |     3 |     1 ||     4
 Abil: Dig               |     1 |       ||     1
  Use: Scroll            |     1 |       ||     1
       Potion            |     1 |       ||     1
  Eat: Chunk             |     4 |       ||     4
Armor: Leather armour    |    37 |     1 ||    38
Dodge: Dodged            |   100 |     5 ||   105
       Rpst.: Falchion   |    33 |       ||    33
